 Dungeon Crawl Stone Soup version 0.24-a0-27-gca774cb5d5 (webtiles) character file.

Game seed: 7481630519094910702

1575 Flugslaktarn the Cleaver (level 8, -3/73 HPs)
             Began as a Deep Dwarf Fighter on Feb 1, 2019.
             Was an Initiate of Makhleb.
             Shot with an arrow by a centaur (12 damage)
             ... on level 6 of the Dungeon.
             The game lasted 00:02:55 (2321 turns).

Flugslaktarn the Cleaver (Deep Dwarf Fighter)       Turns: 2321, Time: 00:02:56

Health: -3/73      AC:  7    Str: 22    XL:     8   Next: 60%
Magic:  1/1        EV:  7    Int:  9    God:    Makhleb [......]
Gold:   127        SH:  0    Dex: 12    Spells: 7/7 levels left

rFire    . . .     SeeInvis .   a - +0 war axe
rCold    . . .     Gourm    .   c - +0 shield
rNeg     . . .     Faith    .   b - +0 scale mail
rPois    .         Spirit   .   (no helmet)
rElec    .         Reflect  .   (no cloak)
rCorr    .         Harm     .   (no gloves)
MR       +....                  (no boots)
Stlth    ..........             (no amulet)
HPRegen  0.00/turn              (no ring)
MPRegen  0.07/turn              (no ring)

@: confused, non-regenerating
A: damage resistance, heal wounds, sense surroundings 1, no regeneration
a: Heal Wounds, Renounce Religion


You were on level 6 of the Dungeon.
You worshipped Makhleb.
Makhleb was noncommittal.
You were hungry.

You visited 2 branches of the dungeon, and saw 7 of its levels.

You collected 127 gold pieces.

Inventory:

Hand Weapons
 a - a +0 war axe (weapon)
Armour
 b - a +0 scale mail (worn)
 c - a +0 shield (worn)
Jewellery
 e - an uncursed amulet of faith {unknown}
Wands
 s - a wand of acid (11) {@v2}
Scrolls
 i - 3 scrolls of teleportation {unknown}
 j - a scroll of remove curse {unknown}
 k - a scroll of enchant armour {unknown}
 l - a scroll of magic mapping {unknown}
 n - a scroll of identify {unknown}
 o - 2 scrolls of random uselessness {unknown}
 q - a scroll of enchant weapon {unknown}
 r - a scroll of blinking {unknown}
 u - a scroll of immolation {unknown}
Potions
 d - a potion of might {@q4}
 g - a potion of berserk rage {unknown}
 h - a potion of invisibility {unknown}
 m - 2 potions of heal wounds {unknown}
 p - a potion of agility {unknown}
 t - a potion of curing {unknown}
Comestibles
 f - 8 rations {@e1}
 v - 2 chunks of flesh


   Skills:
 + Level 4.5 Fighting
 + Level 10.1 Axes
 + Level 5.5 Armour
 - Level 3.2 Shields
 + Level 1.6 Invocations


You had 7 spell levels left.
You didn't know any spells.
Your spell library was empty.

Dungeon Overview and Level Annotations

Branches:
Dungeon (6/15)             Temple (1/1) D:4

Altars:
Ashenzari
Cheibriados
Dithmenos
Elyvilon
Fedhas
Hepliaklqana
Kikubaaqudgha
Makhleb
Nemelex Xobeh
Okawaru
Qazlal
Ru
Uskayaw
Wu Jian
Xom
Yredelemnul
Zin
The Shining One

Annotations:
D:3 Terence


Innate Abilities, Weirdness & Mutations

You are resistant to damage.
You can heal yourself by infusing magical energy.
You passively map a small area around you.
You do not regenerate.


Message History

The howler monkey hits you but does no damage.
The bullfrog hits you.
* * * LOW HITPOINT WARNING * * *
The centaur shoots an arrow.
The arrow completely misses you.
The arrow barely misses the howler monkey.
Unknown command.
You bump into the rock wall.
The shadow imp hits you but does no damage.
The howler monkey hits you but does no damage.
The bullfrog closely misses you.
The centaur shoots an arrow.
The arrow hits you!
* * * LOW HITPOINT WARNING * * *
A crimson imp comes into view.
Unknown command.
You're too confused!
Unknown command.
You bump into the rock wall.
The bullfrog hits you but does no damage.
The howler monkey hits you.
The centaur shoots an arrow.
The arrow hits you!
You die...

, , 5.. , , c.#** * , ,(
,* * #.# * .. , #:# *+ *
... , #.# , ,.$..
,######.# ....h,+....#.#
, ,......####'#@#######
+ ...........5Fhc....# *
+#......)...o).....###.#
#####.........[.......#
###########...####### *
* * +...'......, , , *,
** #...######### ,
#......oo...# * ** ,
####.######..


You could see a bullfrog, 2 centaurs, a howler monkey, an orc wizard, a crimson
imp and a shadow imp.

Vanquished Creatures
  Eustachio (D:4)
  Menkaure (D:4)
  Edmund (D:4)
  Duvessa (D:4)
  An orc warrior (D:5)
  A phantom (D:5)
  3 ogres
  A big kobold (D:4)
  Dowan (D:4)
  A scorpion (D:5)
  2 crimson imps (D:5)
  A hound (D:4)
  An orc priest (D:4)
  Jessica (D:2)
  2 iguanas (D:5)
  3 orc wizards
  3 worker ants
  3 adders (D:2)
  A shadow imp (D:4)
  An ooze (D:4)
  An adder skeleton (D:5)
  4 leopard geckos (D:5)
  25 orcs
  2 ball pythons
  4 bats
  A giant cockroach (D:5)
  7 goblins
  2 hobgoblins (D:1)
  10 jackals
  2 kobolds (D:2)
  6 frilled lizards (D:5)
  A leopard gecko skeleton (D:4)
  3 rats (D:1)
98 creatures vanquished.

Notes
Turn   | Place    | Note
-------+----------+-------------------------------------------
     0 | D:1      | Flugslaktarn the Deep Dwarf Fighter began the quest for the
                  | Orb.
     0 | D:1      | Reached XP level 1. HP: 20/20 MP: 1/1
    88 | D:1      | Reached skill level 3 in Axes
   162 | D:1      | Reached XP level 2. HP: 27/27 MP: 2/2
   254 | D:2      | Noticed Jessica
   262 | D:2      | Killed Jessica
   262 | D:2      | Reached skill level 4 in Axes
   262 | D:2      | Reached XP level 3. HP: 33/33 MP: 3/3
   378 | D:2      | Reached XP level 4. HP: 33/40 MP: 4/4
   447 | D:3      | Noticed Terence
   449 | D:3      | Reached skill level 5 in Axes
   471 | D:4      | Noticed Menkaure
   479 | D:4      | Killed Menkaure
   479 | D:4      | Reached skill level 6 in Axes
   479 | D:4      | Reached XP level 5. HP: 10/46 MP: 4/4
   501 | D:4      | Noticed Duvessa
   502 | D:4      | Noticed Dowan
   539 | D:4      | Killed Duvessa
   539 | D:4      | Reached skill level 7 in Axes
   539 | D:4      | Reached XP level 6. HP: 46/55 MP: 3/3
   584 | D:4      | Killed Dowan
   623 | D:4      | Found a staircase to the Ecumenical Temple.
   625 | D:4      | Reached skill level 8 in Axes
   633 | Temple   | Entered the Ecumenical Temple
   806 | D:4      | Reached XP level 7. HP: 22/61 MP: 2/2
   839 | D:4      | Noticed Eustachio
   872 | D:4      | Killed Eustachio
   872 | D:4      | Reached skill level 9 in Axes
  1002 | D:4      | Noticed Edmund
  1019 | D:4      | Killed Edmund
  1245 | D:5      | Entered Level 5 of the Dungeon
  1454 | D:5      | Reached XP level 8. HP: 48/69 MP: 2/2
  1520 | D:5      | Found a hide-covered altar of Uskayaw.
  1612 | D:5      | Found a shattered altar of Ashenzari.
  1842 | D:5      | Found a sacrificial altar of Ru.
  1844 | D:5      | Found a snail-covered altar of Cheibriados.
  1844 | D:5      | Found a white marble altar of Elyvilon.
  1846 | D:5      | Found a blossoming altar of Fedhas.
  1847 | D:5      | Found an iron altar of Okawaru.
  1914 | D:5      | Reached skill level 10 in Axes
  1914 | D:5      | Reached skill level 5 in Armour
  1992 | D:5      | Found a burning altar of Makhleb.
  1993 | D:5      | Found a shimmering altar of Xom.
  2000 | D:5      | Became a worshipper of Makhleb the Destroyer
  2221 | D:6      | Reached skill level 1 in Invocations
  2321 | D:6      | Shot with an arrow by a centaur

Vault maps used:
D:1:      dpeg_arrival_oval, minmay_misc_feat_enclosed, roderic_lattice_a,
          kennysheep_small_spiral
D:2:      uniq_jessica
D:3:      led_sif_book, fiery_altar_vehumet, first_ration,
          chequers_ecumenical_altar_simple_redux, portal_sewer_entry_c,
          hangedman_decor_growths, uniq_terence
D:4:      minmay_temple_entry_mini_moons, uniq_menkaure, uniq_duvessa,
          uniq_eustachio, uniq_edmund
D:5:      grunt_temple_overflow_champion_of_chaos, kennysheep_mini,
          eat_drink_and_be_merry_uskayaw, grunt_temple_overflow_open,
          minmay_lizard_king
D:6:      gammafunk_ghost_stat_death, lemuel_oklob_altar
Temple:   nicolae_temple_figure_zero

Skill      XL: |  1  2  3  4  5  6  7  8 |
---------------+-------------------------+-----
Axes           | 3 4 6 7 8 9 10 | 10.1
Fighting       | 3 4 |  4.5
Armour         | 4 5 |  5.5
Invocations    | 1 |  1.6
Shields        | |  3.2

Action                   |  1- 3 |  4- 6 |  7- 9 || total
-------------------------+-------+-------+-------++-------
Melee: War axe           |    65 |    89 |   257 ||   411
 Abil: Heal Wounds       |       |     8 |     9 ||    17
  Eat: Chunk             |       |       |     5 ||     5
Armor: Scale mail        |    42 |    23 |    87 ||   152
Dodge: Dodged            |    15 |    22 |    85 ||   122
Block: Shield            |    39 |    46 |   117 ||   202

Table legend:
 A = Non-vault XP
 B = Vault XP
 C = Vault XP percentage of total XP
 D = Non-vault monster count
 E = Vault monster count
 F = Vault count percentage of total count
                 A         B        C        D         E       F
            +---------+---------+-------+---------+---------+-------
      Total |    1354 |     897 |  39.8 |      82 |      16 |  16.3
            +---------+---------+-------+---------+---------+-------
        D:1 |      16 |       0 |   0.0 |      10 |       0 |   0.0
        D:2 |      54 |      37 |  40.7 |      11 |       1 |   8.3
        D:3 |      47 |       0 |   0.0 |       6 |       0 |   0.0
        D:4 |     403 |     757 |  65.3 |      17 |       5 |  22.7
        D:5 |     780 |     103 |  11.7 |      34 |      10 |  22.7
        D:6 |      54 |       0 |   0.0 |       4 |       0 |   0.0
            +---------+---------+-------+---------+---------+-------
